AoeStats
← Lord Juan II

QS Arena

503775655Analyzed
4v4 RM · 1mo ago on Sep 2, 2026· 47m 27s· 8 players
Game mode
Random Map
Map size
Large (8 player)
Population
200
Speed
Normal
Resources
Standard
Victory
Conquest
Starting age
Dark Age
Ending age
Imperial Age
RankedLock teamsTeams togetherTeam positionsShared explorationLock speedFull tech treeHidden civsTurbo modeCheats
Victory
Defeat
🇨🇳 Cumans · China
1206
+14
🇨🇦 Chinese · Canada
1202
+14
🇦🇷 Teutons · Argentina
1169
+16
🇹🇭 Byzantines · Thailand
1149
+17
🇨🇳 Goths · China
1186
-16
1178
-16
🇨🇳 Franks · China
1156
-15
🇨🇳 Shu · China
1147
-20
这波我很强
8:59 Feudal Age
13:11 Castle Age
11:29 Double-Bit Axe
11:25 Horse Collar
14:20 Bow Saw
18:55 Loom
19:25 Crossbowman
20:10 Fletching
27:31 Imperial Age
27:04 Bodkin Arrow
27:26 Gold Mining
28:02 Thumb Ring
27:19 Elite Skirmisher
27:54 Pikeman
29:34 Gold Shaft Mining
28:42 Arbalester
29:52 Conscription
29:55 Bracer
31:01 Two-Man Saw
31:13 Wheelbarrow
33:53 Chemistry
33:14 Ballistics
32:58 Padded Archer Armor
38:30 Heavy Plow
38:49 Leather Archer Armor
42:29 Halberdier
44:58 Hand Cart
45:05 Squires
44:52 Arson
44:55 Gambesons
47:07 Leather Archer Armor
46:53 Scale Mail Armor
47:03 Forging
diudiudiu丶
8:15 Feudal Age
6:31 Loom
12:30 Castle Age
10:46 Double-Bit Axe
12:48 Wheelbarrow
13:49 Bow Saw
20:07 Scale Barding Armor
20:18 Gold Mining
21:57 Forging
24:59 Iron Casting
25:42 Gold Shaft Mining
25:13 Husbandry
26:23 Hand Cart
28:26 Chain Barding Armor
30:54 Imperial Age
30:44 Stone Mining
31:04 Cavalier
32:06 Conscription
31:47 Chivalry
32:35 Plate Barding Armor
33:01 Blast Furnace
32:37 Paladin
35:18 Ballistics
35:00 Scale Mail Armor
40:26 Crossbowman
W_x
8:23 Feudal Age
9:54 Double-Bit Axe
12:13 Castle Age
11:16 Horse Collar
13:38 Bow Saw
17:31 Loom
17:56 Heavy Plow
18:33 Wheelbarrow
19:43 Gold Mining
21:04 Pikeman
22:00 Squires
24:26 Scale Mail Armor
24:36 Forging
24:45 Hand Cart
24:43 Town Watch
24:53 Stone Mining
28:46 Imperial Age
26:50 Chain Mail Armor
26:59 Fletching
27:50 Iron Casting
28:12 Bodkin Arrow
28:31 Elite Skirmisher
30:33 Chemistry
29:59 Conscription
29:07 Halberdier
30:30 Bracer
31:31 Blast Furnace
33:22 Perfusion
33:53 Padded Archer Armor
35:23 Leather Archer Armor
36:23 Two-Man Saw
35:55 Crop Rotation
39:25 Town Patrol
种田玩家打队友别打我
8:04 Feudal Age
8:04 Loom
16:33 Castle Age
14:34 Double-Bit Axe
eward17
0:39 Loom
8:21 Feudal Age
12:25 Castle Age
11:03 Double-Bit Axe
12:21 Scale Barding Armor
12:26 Forging
18:11 Wheelbarrow
17:47 Bow Saw
17:18 Horse Collar
24:21 Hand Cart
24:45 Gold Mining
24:45 Stone Mining
25:29 Town Watch
29:41 Imperial Age
28:25 Gold Shaft Mining
27:53 Heavy Plow
29:05 Fletching
29:15 Padded Archer Armor
29:17 Scale Mail Armor
29:27 Forging
29:43 Ballistics
29:41 Bodkin Arrow
31:18 Leather Archer Armor
30:27 Pikeman
31:08 Squires
30:54 Arson
31:29 Chain Mail Armor
32:49 Chemistry
31:37 Halberdier
33:34 Bracer
34:04 Ring Archer Armor
34:09 Iron Casting
36:21 Plate Mail Armor
40:14 Blast Furnace
42:03 Elite Chu Ko Nu
43:04 Conscription
kiyohime
1:11 Loom
7:51 Feudal Age
9:38 Wheelbarrow
9:09 Horse Collar
9:27 Double-Bit Axe
17:38 Gold Mining
22:27 Castle Age
22:16 Scale Barding Armor
22:22 Forging
22:33 Stone Mining
23:33 Hand Cart
23:59 Gold Shaft Mining
23:30 Heavy Plow
23:49 Bow Saw
27:50 Imperial Age
27:21 Iron Casting
27:07 Chain Barding Armor
26:48 Town Watch
27:46 Bloodlines
27:03 Light Cavalry
28:29 Elite Steppe Lancer
28:30 Hussar
30:00 Guilds
30:28 Plate Barding Armor
30:32 Crop Rotation
31:10 Two-Man Saw
31:14 Blast Furnace
31:56 Steppe Husbandry
32:17 Conscription
40:16 Cavalier
42:19 Cuman Mercenaries
41:40 Elite Kipchak
42:20 Fletching
42:31 Padded Archer Armor
43:01 Parthian Tactics
42:42 Thumb Ring
43:04 Ballistics
43:44 Chemistry
42:41 Murder Holes
42:51 Paladin
44:34 Bodkin Arrow
44:55 Leather Archer Armor
44:52 Capped Ram
47:00 Ring Archer Armor
ZBizkit
4:03 Loom
7:10 Feudal Age
9:00 Fletching
16:49 Double-Bit Axe
16:49 Horse Collar
20:38 Castle Age
21:14 Stone Mining
23:10 Bow Saw
25:49 Stone Shaft Mining
25:26 Heavy Plow
25:47 Town Watch
26:16 Gold Mining
26:47 Bodkin Arrow
31:17 Wheelbarrow
33:45 Hand Cart
37:43 Imperial Age
36:47 Masonry
37:19 Man-at-Arms
38:00 Long Swordsman
38:42 Scale Mail Armor
38:53 Forging
39:04 Squires
38:51 Gambesons
39:19 Two-Handed Swordsman
40:52 Conscription
41:07 Crop Rotation
40:16 Champion
41:53 Chain Mail Armor
41:06 Onager
41:55 Siege Engineers
44:08 Plate Mail Armor
44:14 Iron Casting
47:55 Blast Furnace
Lord Juan II
7:30 Feudal Age
8:29 Double-Bit Axe
14:08 Castle Age
12:10 Stone Mining
13:24 Horse Collar
15:09 Loom
16:00 Heavy Plow
16:38 Stone Shaft Mining
16:45 Gold Mining
21:30 Imperial Age
21:33 Fletching
21:45 Padded Archer Armor
22:27 Thumb Ring
22:53 Conscription
23:04 Bow Saw
24:29 Bodkin Arrow
25:53 Ballistics
26:09 Elite Skirmisher
27:18 Pikeman
28:01 Scale Mail Armor
28:04 Bracer
29:44 Chain Mail Armor
31:30 Wheelbarrow
32:50 Chemistry
31:59 Squires
33:49 Treadmill Crane
37:07 Crop Rotation
37:06 Leather Archer Armor
37:22 Plate Mail Armor
37:02 Forging
40:04 Gold Shaft Mining
39:13 Halberdier
39:38 Gambesons
40:08 Forging
40:47 Ring Archer Armor
43:53 Hand Cart
44:40 Iron Casting
44:10 Scale Barding Armor
46:55 Elite Cataphract
Connection lost

Rejoining the realm…

Still unreachable

The connection could not be restored.

Session expired

The server has moved on; the page needs a fresh start.